 Dungeon Crawl Stone Soup version 0.26-a0-259-g1effd001a9 (webtiles) character file.

Game seed: 6255339276838431384

68 Sorcv the Chiller (level 4, -6/39 HPs)
             Began as an Ogre Ice Elementalist on July 27, 2020.
             Mangled by a gnoll
             ... wielding a +1 halberd of chaos
              (19 damage)
             ... while paralysed by a gnoll
             ... on level 4 of the Dungeon.
             The game lasted 00:06:23 (1690 turns).

Sorcv the Chiller (Ogre Ice Elementalist)           Turns: 1690, Time: 00:06:24

Health: -6/39      AC:  4    Str: 12    XL:     4   Next: 19%
Magic:  5/9        EV:  1    Int: 17    God:
Gold:   49         SH:  0    Dex:  9    Spells: 8/9 levels left

rFire    . . .     SeeInvis .   d - +2 spear (vorpal)
rCold    . . .     Faith    .   (no shield)
rNeg     . . .     Spirit   .   a - +1 robe
rPois    .         Reflect  .   (helmet restricted)
rElec    .         Harm     .   (no cloak)
rCorr    .                      (gloves unavailable)
MR       .....                  (boots unavailable)
Stlth    +.........             (no amulet)
HPRegen  0.13/turn              (no ring)
MPRegen  0.11/turn              (no ring)

@: paralysed
A: large, unfitting armour, tough skin 1
a: no special abilities


You were on level 4 of the Dungeon.
You were not hungry.

You visited 1 branch of the dungeon, and saw 4 of its levels.

You collected 49 gold pieces.

Inventory:

Hand Weapons
 d - a +2 vorpal spear (weapon)
Missiles
 f - 18 poisoned darts (quivered)
Armour
 a - a +1 robe (worn)
Scrolls
 g - a scroll of fog {unknown}
 j - a scroll of enchant weapon {unknown}
Potions
 b - a potion of curing
 e - a potion of brilliance {unknown}
 h - a potion of ambrosia {unknown}
 i - a potion of stabbing {unknown}
Comestibles
 c - 7 rations


   Skills:
 - Level 1.7 Dodging
 - Level 1.4 Stealth
 + Level 3.3 Spellcasting
 * Level 4.7 Ice Magic


You had 8 spell levels left.
You knew the following spells:

 Your Spells              Type           Power        Failure   Level
a - Freeze                Ice            ###.         2%          1

Your spell library contained the following spells:

 Spells                   Type           Power        Failure   Level
 Frozen Ramparts          Ice            ###...       8%          3
 Ozocubu's Armour         Chrm/Ice       ##......     19%         3
 Hailstorm                Conj/Ice       ##......     54%         4
 Summon Ice Beast         Ice/Summ       ##......     54%         4


Dungeon Overview and Level Annotations

Branches:
Dungeon (4/15)
 Temple: D:4-7

Altars:
Uskayaw

Annotations:
D:1 1 runed translucent door
D:4 1 transporter


Innate Abilities, Weirdness & Mutations

You are too large for most types of armour.
You have tough skin. (AC +1)


Message History

Aim: a gnoll, wielding a +1 spear of venom (severely wounded)
You freeze the gnoll.
You kill the gnoll!
You feel sick.
You feel sick.
Things that are here:
a +1 spear of venom; a gnoll corpse You feel better.
The gnoll hits you with a +0 flail.
Casting: Freeze (safe; 2% risk of failure)
Confirm with . or Enter, or press ? or * to list all spells.
Aiming: Freeze (safe; 2% risk of failure)
Press: ? - help, Shift-Dir - straight line, f - gnoll
Aim: a gnoll, wielding a +0 flail You freeze the gnoll.
The gnoll is lightly wounded.
The gnoll hits you from afar with a +1 halberd of chaos.
You suddenly lose the ability to move!
The gnoll completely misses you.
The gnoll hits you from afar with a +1 halberd of chaos!
You are electrocuted!!
You die...

#
###...........####
#
#.#.#.###.©(###.#g#
#.
...###.#####.###g..
#.≈
#...g.....g.....##
#.≈≈
#.######+######.#
#.≈≈.##.#P⌠P#P.8#
#.≈≈.#(.g.....©⌠#
.≈≈.##g#P⌠P#P.8# ##
. #@######+## #.#
#........g. #.##
...###©#####. #<#
#.#.#.###.©.# #
#.## #####........
#.# ≈≈ ≈≈≈≈≈≈≈≈≈≈
#. ≈≈ ≈ ≈≈ # .. ..
...


You could see 3 gnolls.

Vanquished Creatures
  A gnoll (D:4)
  2 adders
  An ooze (D:3)
  A worm (D:3)
  2 leopard geckos (D:3)
  3 giant cockroaches
  2 goblins
  6 hobgoblins
  4 jackals
  2 bats
  3 frilled lizards
  3 kobolds
  2 rats (D:2)
32 creatures vanquished.

Notes
Turn   | Place    | Note
-------+----------+-------------------------------------------
     0 | D:1      | Sorcv the Ogre Ice Elementalist began the quest for the
                  | Orb.
     0 | D:1      | Reached XP level 1. HP: 16/16 MP: 3/3
     1 | D:1      | Found a runed translucent door.
   120 | D:2      | Reached skill level 4 in Ice Magic
   120 | D:2      | Reached XP level 2. HP: 24/24 MP: 0/5
   421 | D:2      | Reached XP level 3. HP: 12/31 MP: 4/7
  1124 | D:3      | Found a hide-covered altar of Uskayaw.
  1636 | D:3      | Reached XP level 4. HP: 39/39 MP: 6/8
  1660 | D:4      | Found a transporter.
  1676 | D:4      | Found a transporter.
  1689 | D:4      | Paralysed by a gnoll for 3 turns
  1690 | D:4      | Mangled by a gnoll

Illustrated notes

Levels and vault maps discovered:
D:1:      dpeg_arrival_caged_fury, layout_rooms
D:2:      layout_loops_cross, first_ration
D:3:      layout_rooms, lemuel_coloured_pillars_altar,
          chequers_ecumenical_altar_grove, kennysheep_generic_room_12
D:4:      layout_loops_corners, lemuel_crystal_altar,
          gammafunk_ghost_gnarly_gnolls, ashenzari_altar_1, uniq_edmund

Skill      XL: |  1  2  3 |
---------------+----------+-----
Ice Magic      | 4 |  4.7
Spellcasting   | 3 |  3.3
Dodging        | |  1.7
Stealth        | |  1.4

Action                   |  1- 3 |  4- 6 || total
-------------------------+-------+-------++-------
Melee: Unarmed           |    66 |       ||    66
       Spear             |    39 |       ||    39
 Cast: Freeze            |    27 |     4 ||    31
  Use: Scroll            |     4 |       ||     4
       Potion            |       |     1 ||     1
 Stab: Sleeping          |     3 |       ||     3
  Eat: Ration            |     1 |       ||     1
Armor: Robe              |    35 |       ||    35
Dodge: Dodged            |    55 |     3 ||    58

Table legend:
 A = Non-vault XP
 B = Vault XP
 C = Vault XP percentage of total XP
 D = Non-vault monster count
 E = Vault monster count
 F = Vault count percentage of total count
                 A         B        C        D         E       F
            +---------+---------+-------+---------+---------+-------
      Total |      82 |      16 |  16.3 |      30 |       2 |   6.2
            +---------+---------+-------+---------+---------+-------
        D:1 |       3 |       0 |   0.0 |       2 |       0 |   0.0
        D:2 |      37 |       0 |   0.0 |      16 |       0 |   0.0
        D:3 |      42 |       2 |   4.5 |      12 |       1 |   7.7
        D:4 |       0 |      14 | 100.0 |       0 |       1 | 100.0
            +---------+---------+-------+---------+---------+-------
